 Dungeon Crawl Stone Soup version 0.27.1-4-g1640c2035a (webtiles) character file.

Game seed: 6380941981627627772

143 oldmanjim the Conjurer (level 5, 0/45 HPs)
             Began as a Draconian Conjurer on Nov 11, 2021.
             Succumbed to a water moccasin's poison
             ... in a sewer.
             The game lasted 00:22:32 (3542 turns).

oldmanjim the Conjurer (Draconian Conjurer)         Turns: 3542, Time: 00:22:33

Health: 0/45       AC:  5    Str:  9    XL:     5   Next: 4%
Magic:  1/9        EV: 12    Int: 19    God:
Gold:   96         SH:  0    Dex: 10    Spells: 6/9 levels left

rFire    . . .     SeeInvis .   b - +0 dagger
rCold    . . .     Faith    .   (no shield)
rNeg     . . .     Spirit   .   (armour unavailable)
rPois    .         Reflect  .   (helmet restricted)
rElec    .         Harm     .   (no cloak)
rCorr    .         Rampage  .   (no gloves)
Will     .....                  (no boots)
Stlth    ++........             (no amulet)
HPRegen  0.15/turn              (no ring)
MPRegen  0.11/turn              (no ring)

@: lethally poisoned (0 -> -15)
A: AC +5, unfitting armour, cold-blooded
a: no special abilities


You were in a sewer.
You visited 1 branch of the dungeon, and saw 5 of its levels.
You also visited: Sewer.

You collected 96 gold pieces.

Inventory:

Hand Weapons
 a - a +0 hunting sling
 b - a +0 dagger (weapon)
Missiles
 e - 67 arrows
 h - 5 boomerangs (quivered)
 l - 83 stones
 m - 47 bolts
Magical Staves
 k - a staff of earth
Wands
 q - a wand of flame (11)
Scrolls
 c - 3 scrolls of identify {unknown}
 d - 2 scrolls of teleportation {unknown}
 f - a scroll of fog {unknown}
 i - a scroll of vulnerability {unknown}
 j - a scroll of noise {unknown}
 o - a scroll of immolation {unknown}
 p - a scroll of torment {unknown}
Potions
 g - a potion of curing {unknown}
 n - a potion of cancellation {unknown}
 r - a potion of flight {unknown}


   Skills:
 - Level 3.0 Fighting
 - Level 2.0 Dodging
 - Level 2.0 Stealth
 + Level 2.8 Spellcasting
 - Level 5.0 Conjurations


You had 6 spell levels left.
You knew the following spells:

 Your Spells              Type           Power      Damage    Failure   Level
a - Magic Dart            Conj           84%        1d7       1%          1
b - Searing Ray           Conj           42%        3d4       3%          2

Your spell library contained the following spells:

 Spells                   Type           Power      Damage    Failure   Level
 Dazzling Flash           Conj/Hex       24%        N/A       17%         3
 Corpse Rot               Necr/Air       N/A        N/A       24%         2
 Poisonous Vapours        Pois/Air       4%         N/A       24%         2
 Frozen Ramparts          Ice            4%         1d2       43%         3
 Fulminant Prism          Conj/Hex       6%         3d7       50%         4
 Iskenderun's Mystic Bla  Conj/Tloc      12%        2d5       50%         4
 Ice Form                 Ice/Tmut       2%         N/A       83%         4
 Summon Ice Beast         Ice/Summ       2%         N/A       83%         4
 Freezing Cloud           Conj/Ice/Air   4%         6-21      91%         5


Dungeon Overview and Level Annotations

Branches:
Dungeon (6/15)              Sewer (1/1)
 Temple: D:4-7

Altars:

Shops:
D:1 *?*[(

Annotations:
D:5 1 transporter


Innate Abilities, Weirdness & Mutations

Your plain brown scales are hard. (AC +5)
You cannot fit into any form of body armour.
You are cold-blooded and may be slowed by cold attacks.


Message History

Confirm with . or Enter, or press ? or * to list all spells.
Aiming: Magic Dart (safe; 1% risk of failure)
Press: ? - help, Shift-Dir - straight line, f/p - water moccasin
Aim: a water moccasin (almost dead, 100% to hit)
The magic dart hits the water moccasin but does no damage.
The water moccasin is almost dead.
You feel very sick. The water moccasin bites you.
You are more poisoned.
The water moccasin poisons you! The water moccasin barely misses you.
You miss the water moccasin.
The water moccasin is almost dead.
You feel very sick.
The water moccasin bites you but does no damage.
You hit the water moccasin.
The water moccasin is almost dead.
You feel very sick. The water moccasin bites you.
You are lethally poisoned!
The water moccasin poisons you!
You barely miss the water moccasin.
The water moccasin is almost dead.
* * * LOW HITPOINT WARNING * * *
You feel extremely sick. The water moccasin closely misses you.
The water moccasin bites you but does no damage.
You hit the water moccasin but do no damage.
The water moccasin is almost dead.
* * * LOW HITPOINT WARNING * * *
You feel very sick. The water moccasin barely misses you.
You completely miss the water moccasin.
The water moccasin is almost dead.
* * * LOW HITPOINT WARNING * * *
You feel very sick. The water moccasin barely misses you.
The water moccasin bites you but does no damage.
You hit the water moccasin.
You kill the water moccasin!
You die...

.
############....
........@†......
######.####....
#.# . #.# #.#
#.# #.# ##.##
##...##


There were no monsters in sight!

Vanquished Creatures
  A water moccasin (Sewer)
  A jelly (D:3)
  A hound zombie (D:5)
  An adder (D:2)
  A white imp (D:6)
  2 worms
  4 orcs
  6 ball pythons
  9 bats
  4 endoplasms
  A giant cockroach (D:1)
  3 goblins
  6 hobgoblins
  10 jackals (D:1)
  2 kobolds
  6 quokkas
  4 frilled lizards
  9 rats
71 creatures vanquished.

Notes
Turn   | Place    | Note
-------+----------+-------------------------------------------
     0 | D:1      | oldmanjim the Draconian Conjurer began the quest for the
                  | Orb.
     0 | D:1      | Reached XP level 1. HP: 14/14 MP: 3/3
    12 | D:1      | Found Tiankion's Magic Scroll Shop.
    19 | D:1      | Found Ytoricig's Assorted Antiques.
    78 | D:1      | Found Xucicvar's General Store.
   335 | D:1      | Reached XP level 2. HP: 22/22 MP: 1/5
   338 | D:1      | Learned a level 2 spell: Searing Ray
   414 | D:1      | Reached skill level 1 in Fighting
   523 | D:1      | Found Lyitucs's Weapon Shoppe.
   752 | D:1      | Found Uppaor's Antique Armour Boutique.
   989 | D:1      | Reached XP level 3. HP: 28/29 MP: 6/6
  1351 | D:1      | Found a faded altar of an unknown god.
  2234 | D:2      | Reached skill level 5 in Conjurations
  2292 | D:2      | Reached XP level 4. HP: 36/36 MP: 2/7
  3215 | D:3      | You fall into a shaft and drop 3 floors!
  3336 | D:5      | Entered Level 5 of the Dungeon
  3362 | D:5      | Reached XP level 5. HP: 45/45 MP: 2/9
  3396 | D:5      | Found a transporter.
  3442 | D:5      | Found a glowing drain.
  3453 | Sewer    | Entered a sewer
  3527 | Sewer    | Noticed a water moccasin
  3542 | Sewer    | Killed a water moccasin
  3542 | Sewer    | Succumbed to a water moccasin's poison

Illustrated notes

Levels and vault maps discovered:
D:1:      ncdulo_lavacross, layout_loops_ring, serial_glass, glass_columns_a,
          glass_columns_a, minmay_strange_pillars, item_on_display_a,
          item_on_display_a, ebering_ecumenical_altar_mist, serial_shops,
          nicolae_shop_waterfront, shop, shop, nicolae_shop_waterfront, shop
D:2:      layout_loops_ring, serial_aquarium, aquarium_bridge_long_joined
          [aquarium_subvault_bridge, aquarium_subvault_wall,
          aquarium_subvault_bridge, aquarium_subvault_bridge,
          aquarium_subvault_wall, aquarium_subvault_wall],
          aquarium_bridge_straight [aquarium_subvault_bridge,
          aquarium_subvault_window, aquarium_subvault_bridge,
          aquarium_subvault_wall], aquarium_window_fake, aquarium_window_2,
          aquarium_window_2, aquarium_window_1, aquarium_view_2d,
          aquarium_view_2a, aquarium_pool_2
D:3:      layout_basic, ebering_ghost_inner_flame, kennysheep_another_room
D:5:      layout_basic, cheibrodos_sewer_entry_sluice,
          gammafunk_ghost_mausoleum, serial_bayou_ford_a
D:6:      layout_basic, chequers_temple_overflow_statue_of_worship,
          hellmonk_ghost_happy_afterlife
Sewer:    sewer_big_baddie

Skill      XL: |  1  2  3  4 |
---------------+-------------+-----
Dodging        | 2 |  2.0
Stealth        | 2 |  2.0
Fighting       | 1 2 3 |  3.0
Conjurations   | 5 |  5.0
Spellcasting   | |  2.8

Action                   |  1- 3 |  4- 6 || total
-------------------------+-------+-------++-------
Melee: Unarmed           |    22 |       ||    22
       Tailslap          |     4 |     3 ||     7
       Dagger            |    25 |    36 ||    61
Throw: Boomerang         |     2 |     1 ||     3
 Cast: Magic Dart        |    74 |    21 ||    95
       Searing Ray       |     5 |    14 ||    19
Armor: Skin              |    23 |    47 ||    70
Dodge: Dodged            |    41 |    81 ||   122
